 Dungeon Crawl Stone Soup version 0.16.1-2-g95b8d4c (webtiles) character file.

1810 RobertPalmer the Covert (level 9, 0/54 HPs)
             Began as an Octopode Warper on Mar 26, 2015.
             Succumbed to poison (a potion of poison)
             ... on level 7 of the Dungeon.
             The game lasted 00:10:35 (9280 turns).

RobertPalmer the Covert (Octopode Warper)           Turns: 9280, Time: 00:10:36

Health: 0/54       AC:  2    Str: 10    XL:     9   Next: 10%
Magic:  14/14      EV: 13    Int: 15    God:
Gold:   319        SH:  0    Dex: 15    Spells: 3 memorised, 6 levels left

rFire  . . .     SeeInvis .     a - +0 rapier (holy)
rCold  + . .     Clarity  +     (no shield)
rNeg   + . .     SustAb   +     G - +1 hat
rPois  .         Gourm    .     g - amulet of warding {Ward, rN+, !d}
rElec  .         Spirit   .     l - ring of sustain abilities {SustAb}
rCorr  .         Warding  +     n - ring of protection from cold {rC+, !d}
rMut   .         Stasis   .     D - ring of protection from magic {MR+, !d}
MR     ++...                    (no ring)
Stlth  +++++++...               (no ring)
                                (no ring)
                                (no ring)
                                (no ring)

@: lethally poisoned (0 -> -26), very slightly contaminated, hasted, very quick,
very resistant to hostile enchantments, extremely stealthy
A: almost no armour, amphibious, 8 rings, constrict 8, camouflage 1, breathe
flames 1, clarity, magic resistance 1, gelatinous body 1
a: Breathe Fire


You were on level 7 of the Dungeon.
You were hungry.

You visited 2 branches of the dungeon, and saw 8 of its levels.

You collected 319 gold pieces.

Inventory:

Hand weapons
 a - a +0 rapier of holy wrath (weapon)
   (You found it on level 3 of the Dungeon)
Missiles
 e - 5 tomahawks of dispersal {=f}
 w - 2 silver javelins (quivered)
Armour
 G - a +1 hat (worn)
   (You found it on level 6 of the Dungeon)
 I - a +2 hat
   (You found it on level 7 of the Dungeon)
Jewellery
 g - an amulet of warding (around mantle) {Ward, rN+, !d}
   (You found it on level 1 of the Dungeon)
 h - an uncursed amulet of resist mutation {rMut, !d}
   (You found it on level 2 of the Dungeon)
 l - a ring of sustain abilities (left tentacle) {SustAb}
   (You found it on level 2 of the Dungeon)
 n - a ring of protection from cold (right tentacle) {rC+, !d}
   (You found it on level 2 of the Dungeon)
 r - an uncursed amulet of resist corrosion {rCorr, !d}
   (You found it on level 3 of the Dungeon)
 D - a ring of protection from magic (on tentacle) {MR+, !d}
   (You found it on level 6 of the Dungeon)
 J - an uncursed amulet of the gourmand {unknown}
   (You found it on level 7 of the Dungeon)
Magical devices
 j - a wand of fireball (0)
   (You found it on level 5 of the Dungeon)
 B - a wand of frost (28)
   (You found it on level 5 of the Dungeon)
 E - a wand of random effects (31)
   (You found it on level 6 of the Dungeon)
Scrolls
 d - a scroll of blinking {!r}
 k - a scroll of acquirement {unknown}
 t - 2 scrolls of immolation {unknown}
 v - a scroll of enchant weapon {unknown}
 y - 2 scrolls of amnesia {unknown}
 z - 3 scrolls of identify
 A - 2 scrolls of remove curse {unknown}
 C - 2 scrolls of teleportation {unknown}
 F - a scroll of magic mapping {unknown}
 L - a scroll of random uselessness {unknown}
Potions
 b - a potion of beneficial mutation {unknown}
 o - 2 potions of ambrosia
 p - a potion of mutation {!q}
 q - a potion of haste
 s - 2 potions of restore abilities
 x - a potion of invisibility {unknown}
 K - a potion of cure mutation {unknown}
Books
 c - a book of Spatial Translocations
Comestibles
 f - 3 bread rations {@e1}
 u - 5 meat rations {@e2}
 H - a beef jerky


   Skills:
 - Level 2.0 Fighting
 - Level 8.2 Short Blades
 - Level 1.0 Throwing
 - Level 2.3 Dodging
 + Level 11.4 Stealth
 - Level 2.0 Spellcasting
 - Level 3.0 Translocations


You had 6 spell levels left.
You knew the following spells:

 Your Spells              Type           Power        Failure   Level  Hunger
a - Teleport Other        Tloc           ##......     21%         3    ###....
b - Blink                 Tloc           N/A          12%         2    ###....
g - Apportation           Tloc           ##........   8%          1    #......


Dungeon Overview and Level Annotations

Branches:
Dungeon (7/15)             Temple (1/1) D:5

Altars:
Cheibriados
Dithmenos
Elyvilon
Fedhas
Gozag
Kikubaaqudgha
Makhleb
Nemelex Xobeh
Okawaru
Qazlal
Ru
Sif Muna
Trog
Vehumet
Xom
Yredelemnul
Zin
The Shining One

Annotations:
D:4 Prince Ribbit


Innate Abilities, Weirdness & Mutations

You cannot wear most types of armour.
You are amphibious.
You can wear up to eight rings at the same time.
You can use your tentacles to constrict many enemies at once.
Your skin changes colour to match your surroundings (Stealth).
Your rubbery body absorbs attacks (AC +1).
You can breathe flames.
You possess an exceptional clarity of mind.
You are resistant to hostile enchantments.


Message History

The fireball explodes!
The fireball engulfs something.
Evoking this partially-identified wand wasted a few charges.
The fireball explodes!
The fireball engulfs something.
Reactivating autopickup.
You feel a bit more experienced.
Evoking this partially-identified wand wasted a few charges.
You hear an angry buzzing noise. x3
The fireball explodes!
Evoking this partially-identified wand wasted a few charges.
Unknown command.
A killer bee comes into view. x2
A killer bee comes into view. x2
The killer bee stings you. The killer bee barely misses you.
You take 4 damage, and have 50/54 hp.
The killer bee completely misses you. The killer bee closely misses you.
The killer bee misses you. The killer bee stings you!
The killer bee closely misses you.
You take 8 damage, and have 42/54 hp.
Unknown command.
Read which item? (? for menu, Esc to quit)
Really read
d - 2 scrolls of blinking {!r}?
Blink to where?
You are very lightly contaminated with residual magic.
As you read the scroll of blinking {!r}, it crumbles to dust.
Drink which item? (? for menu, Esc to quit)
You feel yourself speed up.
Unknown command.
The killer bee stings you!
You are poisoned.
The killer bee poisons you!
You take 8 damage, and have 35/54 hp.
You feel sick.
There is a stone staircase leading down here.
You take 1 damage, and have 34/54 hp.
The killer bee misses you.
You feel sick.
You take 1 damage, and have 33/54 hp.
You open the door. The killer bee stings you!
You are more poisoned.
The killer bee poisons you! The killer bee stings you.
You are more poisoned.
The killer bee poisons you!
You take 9 damage, and have 24/54 hp.
You feel sick.
There is an open door here.
You feel sick. The killer bee stings you.
You take 4 damage, and have 20/54 hp.
You feel sick.
You take 1 damage, and have 19/54 hp.
You feel sick.
You take 1 damage, and have 18/54 hp.
Unknown command.
You feel sick. The killer bee misses you.
You take 1 damage, and have 17/54 hp.
You hit the killer bee. You grab the killer bee.
You constrict the killer bee, but do no damage.
You feel sick. The killer bee closely misses you.
You take 1 damage, and have 16/54 hp.
You barely miss the killer bee.
You constrict the killer bee, but do no damage.
You feel sick. The killer bee closely misses you.
You take 1 damage, and have 15/54 hp.
Drink which item? (? for menu, Esc to quit)
It was a potion of mutation.
You feel extremely strange.
You feel resistant to hostile enchantments.
Your throat feels hot.
Your thoughts seem clearer.
You constrict the killer bee. The killer bee barely misses you.
The killer bee stings you.
* * * LOW HITPOINT WARNING * * *
You are lethally poisoned!
The killer bee poisons you!
You take 3 damage, and have 12/54 hp.
Drink which item? (? for menu, Esc to quit)
It was a potion of ambrosia.
You feel momentarily confused.
You feel briefly invigorated.
You constrict the killer bee.
* * * LOW HITPOINT WARNING * * *
You feel sick. The killer bee misses you.
You take 1 damage, and have 11/54 hp.
Drink which item? (? for menu, Esc to quit)
It was a potion of restore abilities.
You feel refreshed.
You constrict the killer bee. The killer bee stings you!
* * * LOW HITPOINT WARNING * * *
You take 8 damage, and have 3/54 hp.
Unknown command.
Drink which item? (? for menu, Esc to quit)
The ambrosia would have no effect on you.
Drink which item? (? for menu, Esc to quit)
It was a potion of magic.
Magic courses through your body.
You constrict the killer bee.
* * * LOW HITPOINT WARNING * * *
You feel sick. The killer bee closely misses you.
The killer bee barely misses you.
You take 1 damage, and have 2/54 hp.
Unknown command.
Drink which item? (? for menu, Esc to quit)
It was a potion of poison.
That liquid tasted very nasty...
You are more poisoned.
You constrict the killer bee.
You die...

...#....#.....#......#
...'....#.....#......#
...#....'.....#......#
#'###...####..#......####
..###+######..##'#......#
..#.......#......#......#
..'.......#......#......#
..#.......+......+......#
#+##....####..##@#.y....#######
#.##....####..##y##'##........#
..............#.yy...+.>......#
..............#......#........#
..............+......#y.......#
#.......###'####'#####).......#
#.......#..<.............######
........#................#
........#................#


You could see 3 killer bees.

Vanquished Creatures
  The ghost of RobertPalmer the Cutter, an average OpWr (D:4)
  A deep elf fighter (D:6)
  A black bear (D:7)
  An ice beast (D:6)
  2 phantoms
  A sky beast (D:7)
  2 ogres
  2 giant frogs (D:6)
  A scorpion (D:4)
  A gnoll shaman (D:5)
  3 orc priests
  4 crimson imps
  2 hounds
  2 giant frog skeletons
  An iguana (D:5)
  3 worker ants
  Ijyb (D:4)
  Terence (D:3)
  A hound skeleton (D:5)
  A worker ant zombie (D:5)
  Robin (D:2)
  3 adders
  10 gnolls
  A shadow imp (D:7)
  A giant mite (D:6)
  2 worms
  9 orcs
  13 bats
  13 hobgoblins
  9 kobolds
  A giant cockroach (D:1)
  3 giant geckos
  9 giant newts
  17 goblins
  4 jackals
  A jackal skeleton (D:6)
  2 quokkas (D:7)
  10 rats
141 creatures vanquished.

Notes
Turn   | Place    | Note
--------------------------------------------------------------
     0 | D:1      | RobertPalmer, the Octopode Warper, began the quest for the Orb.
     0 | D:1      | Reached XP level 1. HP: 14/14 MP: 3/3
   171 | D:1      | Reached XP level 2. HP: 8/19 MP: 4/4
   540 | D:1      | Reached skill level 3 in Short Blades
  1050 | D:2      | Reached XP level 3. HP: 16/24 MP: 6/6
  1219 | D:2      | Noticed Robin
  1439 | D:2      | Killed Robin
  1439 | D:2      | Reached skill level 4 in Short Blades
  1461 | D:2      | Reached XP level 4. HP: 20/29 MP: 7/7
  2713 | D:3      | Noticed Terence
  2734 | D:3      | Reached skill level 5 in Short Blades
  2738 | D:3      | Reached XP level 5. HP: 16/34 MP: 9/9
  3161 | D:3      | Found a shimmering altar of Xom.
  4072 | D:4      | Noticed Prince Ribbit
  4086 | D:3      | Learned a level 2 spell: Blink
  4090 | D:3      | Learned a level 3 spell: Teleport Other
  4116 | D:3      | Killed Terence
  4159 | D:4      | Reached skill level 6 in Short Blades
  4159 | D:4      | Reached XP level 6. HP: 20/39 MP: 10/10
  4364 | D:4      | Found a white marble altar of Elyvilon.
  4377 | D:4      | Noticed Ijyb
  4379 | D:4      | Noticed an ogre
  4441 | D:4      | Killed an ogre
  4447 | D:4      | Killed Ijyb
  4703 | D:4      | Noticed a phantom
  4731 | D:4      | Killed a phantom
  4731 | D:4      | Reached skill level 7 in Short Blades
  4731 | D:4      | Reached XP level 7. HP: 19/45 MP: 12/12
  4855 | D:4      | Noticed RobertPalmer's ghost (average OpWr)
  4860 | D:4      | Killed RobertPalmer's ghost
  5039 | D:4      | Reached skill level 8 in Short Blades
  5362 | D:5      | Entered Level 5 of the Dungeon
  5577 | D:5      | Reached skill level 2 in Stealth
  5682 | D:5      | Reached skill level 3 in Stealth
  5730 | D:5      | Found a staircase to the Ecumenical Temple.
  5742 | Temple   | Entered the Ecumenical Temple
  6094 | D:5      | Reached skill level 4 in Stealth
  6096 | D:5      | HP: 10/45 [gnoll/spear (10)]
  6510 | D:5      | Found a stormy altar of Qazlal.
  6519 | D:5      | Reached skill level 5 in Stealth
  6519 | D:5      | Reached XP level 8. HP: 22/50 MP: 13/13
  6521 | D:5      | Found a sparkling altar of Nemelex Xobeh.
  6521 | D:5      | Found a radiant altar of Vehumet.
  6843 | D:5      | Reached skill level 6 in Stealth
  7249 | D:6      | Reached skill level 7 in Stealth
  7301 | D:6      | HP: 8/50 [ice beast (6)]
  7302 | D:6      | HP: 1/50 [ice beast (5)]
  7303 | D:6      | Reached skill level 8 in Stealth
  8285 | D:6      | Reached skill level 9 in Stealth
  8750 | D:7      | Reached skill level 10 in Stealth
  8789 | D:7      | Reached XP level 9. HP: 31/54 MP: 14/14
  9027 | D:7      | Reached skill level 11 in Stealth
  9276 | D:7      | Gained mutation: You are resistant to hostile enchantments. [potion of mutation]
  9276 | D:7      | Gained mutation: You can breathe flames. [potion of mutation]
  9276 | D:7      | Gained mutation: You possess an exceptional clarity of mind. [potion of mutation]
  9276 | D:7      | HP: 12/54 [killer bee (3)]
  9278 | D:7      | HP: 3/54 [killer bee (8)]
  9280 | D:7      | Succumbed to poison (a potion of poison)

Action                   |  1- 3 |  4- 6 |  7- 9 || total
-------------------------+-------+-------+-------++-------
Melee: Short sword       |    75 |    55 |       ||   130
       Rapier            |       |    88 |   180 ||   268
Throw: Throwing net      |       |     2 |       ||     2
       Javelin           |       |       |    83 ||    83
Evoke: Wand              |       |       |     3 ||     3
  Use: Scroll            |     1 |     4 |     2 ||     7
       Potion            |       |       |     9 ||     9
 Stab: Sleeping          |     3 |     2 |       ||     5
       Distracted        |       |     1 |       ||     1
       Fleeing           |       |       |     1 ||     1
  Eat: Chunk             |     1 |     9 |    11 ||    21
       Pizza             |       |     1 |     1 ||     2
       Beef jerky        |       |       |     1 ||     1

Vault maps used:
D:1:      lemuel_arrival_tunnels
D:2:      first_bread, uniq_robin
D:3:      old_standard_altar, interstate_on_off, uniq_terence
D:4:      nicolae_overflow_crystal_walls, serial_shops, nicolae_shop_crystal,
          uniq_iyjb, uniq_prince_ribbit1
D:5:      grunt_temple_overflow_diamond, temple_hall, kennysheep_dice
D:6:      guppyfry_early_elven_hall
Temple:   nicolae_temple_figure_eight

Table legend:
 A = Turns spent in this place as a percentage of turns spent in the entire game.
 B = Non-inter-level travel turns spent in this place as a percentage of non-inter-level travel turns spent in the entire game.
 C = Inter-level travel turns spent in this place as a percentage of turns spent in this place.
 D = Turns resting spent in this place as a percentage of non-inter-level travel turns spent in this place.
 E = Turns spent auto-exploring this place as a percentage of non-inter-level travel turns spent in this place.
 F = Non-inter-level travel turns spent in this place divided by the number of levels of this place that you've seen.
                   A       B       C       D       E      F
               +-------+-------+-------+-------+-------+----------------------
         Total | 100.0 | 100.0 |   0.4 |   3.4 |   9.3 | 292.2
       Dungeon |  99.3 |  99.3 |   0.3 |   3.4 |   8.7 | 331.7
        Temple |   0.7 |   0.7 |   5.9 |   0.0 |  93.8 |  16.0
               +-------+-------+-------+-------+-------+----------------------

Table legend:
 A = Kills in this place as a percentage of kills in entire the game.
 B = Kills by you in this place as a percentage of kills by you in the entire game.
 C = Kills by friends in this place as a percentage of kills by friends in the entire game.
 D = Other kills in this place as a percentage of other kills in the entire game.
 E = Experience gained in this place as a percentage of experience gained in the entire game.
 F = Experience gained in this place divided by the number of levels of this place that you have seen.
                   A       B       C       D       E      F
               +-------+-------+-------+-------+-------+----------------------
         Total | 100.0 | 100.0 |  -nan |  -nan | 100.0 | 323.4
       Dungeon | 100.0 | 100.0 |  -nan |  -nan | 100.0 | 369.6
               +-------+-------+-------+-------+-------+----------------------
